 Dungeon Sprint DCSS version 0.22-a0-398-g8bb545f (webtiles) character file.

79 emperorscorpion the Magician (level 4, -2/45 HPs)
             Began as a Demonspawn Fire Elementalist on May 6, 2018.
             Slain by an orc
             ... wielding a +0 club
              (6 damage)
             ... in the Dungeon (Sprint IX: "|||||||||||||||||||||||||||||").
             The game lasted 00:00:38 (140 turns).

emperorscorpion the Magician (DsFE)                  Turns: 140, Time: 00:00:38

Health: -2/45      AC:  2    Str: 14    XL:     4   Next: 17%
Magic:  6/13       EV: 12    Int: 16    God:
Gold:   0          SH:  0    Dex: 14    Spells: 17/18 levels left

rFire    . . .     SeeInvis .   (no weapon)
rCold    . . .     Gourm    .   (no shield)
rNeg     . . .     Faith    .   a - +0 robe
rPois    .         Spirit   .   (no helmet)
rElec    .         Reflect  .   (no cloak)
rCorr    .         Harm     .   (no gloves)
MR       .....     NoTele   +   (no boots)
Stlth    ..........             (no amulet)
HPRegen  0.15/turn              (no ring)
MPRegen  0.13/turn              (no ring)

@: berserking (expiring), very quick
A: claws 1, sturdy frame 1
a: no special abilities


You were in the Dungeon.
You were not hungry.

You visited 1 branch

Inventory:

Armour
 a - a +0 robe (worn)
Scrolls
 i - a scroll of blinking
Potions
 d - a potion of curing
 f - a potion of haste
 g - 2 potions of magic
Comestibles
 b - 2 chunks of flesh
 c - a ration


   Skills:
 - Level 1.7 Dodging
 - Level 1.7 Stealth
 - Level 7.6 Spellcasting
 - Level 1.0 Conjurations
 - Level 3.1 Fire Magic


You had 17 spell levels left.
You knew the following spells:

 Your Spells              Type           Power        Failure   Level  Hunger
a - Flame Tongue          Conj/Fire      ##...        4%          1    None


Dungeon Overview and Level Annotations

Branches:
Dungeon (1/1)

Altars:


Innate Abilities, Weirdness & Mutations

You have sharp fingernails.
Your movements are slightly less encumbered by armour. (ER -2)


Message History

The crimson imp barely misses you. The orc hits you with a club.
* * * LOW HITPOINT WARNING * * *
You miss the crimson imp.
The crimson imp is heavily wounded.
The crimson imp closely misses you.
You barely miss the crimson imp.
The crimson imp is heavily wounded.
The orc hits you with a club.
* * * LOW HITPOINT WARNING * * *
You scratch the crimson imp.
The crimson imp is almost dead.
The crimson imp barely misses you. The orc closely misses you.
You miss the crimson imp.
The crimson imp is severely wounded.
The crimson imp hits you but does no damage.
The shadow imp picks up a beetle and eats it.
You miss the crimson imp.
The crimson imp is severely wounded.
The orc hits you with a club.
You die...

▓.▓
▓.▓
▓(▓
▓÷▓
▓.▓
▓.▓
▓.▓
▓5▓
▓@▓
▓o▓
▓5▓
▓l▓
▓.▓
▓.▓
▓+▓


You could see a crimson imp, a shadow imp, an orc and a frilled lizard.

Vanquished Creatures
  A centaur (D)
  2 leopard geckos (D)
  2 bats (D)
  A rat (D)
6 creatures vanquished.

Notes
Turn   | Place    | Note
-------+----------+-------------------------------------------
     0 | D        | emperorscorpion the Demonspawn Fire Elementalist began the quest for the Orb.
     0 | D        | Reached XP level 1. HP: 13/13 MP: 3/3
    23 | D        | Reached skill level 3 in Spellcasting
   125 | D        | Noticed a centaur
   125 | D        | Noticed a crimson imp
   133 | D        | Killed a centaur
   133 | D        | Reached skill level 7 in Spellcasting
   133 | D        | Gained mutation: Your movements are slightly less encumbered by armour. (ER -2) [demonic ancestry]
   133 | D        | Reached XP level 2. HP: 6/19 MP: 5/10
   133 | D        | Reached XP level 3. HP: 8/24 MP: 6/12
   133 | D        | Gained mutation: You have sharp fingernails. [demonic ancestry]
   133 | D        | Reached XP level 4. HP: 10/30 MP: 6/13
   140 | D        | Slain by an orc

Vault maps used:
D:        linesprint

Skill      XL: |  1 |
---------------+----+-----
Fire Magic     | 3 |  3.1
Spellcasting   | 7 |  7.6
Dodging        | |  1.7
Stealth        | |  1.7
Conjurations   | |  1.0

Action                   |  1- 3 |  4- 6 || total
-------------------------+-------+-------++-------
Melee: Unarmed           |    36 |     7 ||    43
 Cast: Flame Tongue      |     5 |       ||     5
  Use: Potion            |     2 |       ||     2
 Stab: Sleeping          |     1 |       ||     1
Armor: Robe              |     9 |     1 ||    10
Dodge: Dodged            |    42 |     5 ||    47

Table legend:
 A = Spawn XP
 B = Non-spawn XP
 C = Spawn XP percentage of total XP
 D = Spawn monster count
 E = Non-spawn monster count
 F = Spawn count percentage of total count
 G = Total turns spent on level
                    A         B        C        D         E        F      G
               +---------+---------+-------+---------+---------+-------+---------
         Total |       0 |     114 |   0.0 |       0 |       6 |   0.0 |   140
               +---------+---------+-------+---------+---------+-------+---------
             D |       0 |     114 |   0.0 |       0 |       6 |   0.0 |   140
               +---------+---------+-------+---------+---------+-------+---------
